Map: [ESL] Goldenaura

Players

ShoWTimE - Winner!

  • Race: Protoss Protoss
  • League: Master
  • Spawn Location: 12:00

Kelazhur

  • Race: Terran Terran
  • Spawn Location: 5:00

VOD

Have the link to the VOD?

Description

Time

  • Played on: Dec. 8, 2023, 1:25 p.m.
  • Length: 9:51
Show
View Real Time Build Order
Export as new Build Order

ShoWTimE Protoss - Winner!

Build Orders: 1 Gate Expand, Phoenix Opening 

Get SALT Encoding   

  12  0:00  Probe  
  13  0:12  Probe  
  14  0:18  Pylon  
  14  0:24  Probe (Chrono Boost)  
  15  0:36  Gateway, Probe (Chrono Boost)  
  16  0:44  Probe (Chrono Boost)  
  16  0:45  Assimilator  
  17  0:50  Probe  
  18  1:03  Probe  
  19  1:15  Probe  
  20  1:22  Nexus  
  20  1:32  Cybernetics Core  
  20  1:35  Probe  
  21  1:40  Assimilator  
  21  1:47  Probe  
  21  1:51  Pylon  
  22  1:59  Probe  
  23  2:07  Adept (Chrono Boost)  
  22  2:11  Probe  
  25  2:19  Stargate  
  25  2:23  Probe  
  25  2:29  Shield Battery  
  26  2:31  Stalker  
  26  2:35  Probe (Chrono Boost)  
  29  2:43  Probe (Chrono Boost)  
  30  2:46  Probe (Chrono Boost)  
  30  2:51  Probe x2 (Chrono Boost)  
  33  3:00  Shield Battery  
  33  3:01  Probe x2  
  33  3:03  Warp Gate  
  35  3:09  Phoenix  
  37  3:13  Probe  
  37  3:14  Probe  
  39  3:23  Stalker, Pylon  
  39  3:26  Probe  
  42  3:28  Probe  
  43  3:34  Phoenix  
  46  3:41  Probe (Chrono Boost)  
  46  3:42  Probe (Chrono Boost)  
  46  3:46  Gateway  
  47  3:50  Probe (Chrono Boost)  
  47  3:53  Probe (Chrono Boost)  
  47  3:54  Pylon  
  49  3:55  Probe (Chrono Boost)  
  49  3:58  Phoenix (Chrono Boost)  
  52  4:03  Probe  
  52  4:07  Probe  
  52  4:08  Assimilator  
  54  4:11  Assimilator  
  54  4:14  Phoenix (Chrono Boost)  
  54  4:15  Probe  
  57  4:20  Probe  
  57  4:22  Robotics Facility  
  58  4:28  Probe  
  59  4:34  Probe  
  60  4:43  Phoenix  
  62  4:46  Pylon x2  
  62  4:49  Nexus  
  62  4:57  Pylon  
  62  5:04  Shield Battery, Probe x2  
  62  5:05  Stalker  
  62  5:06  Stalker  
  68  5:16  Probe x2, Immortal (Chrono Boost)  
  74  5:28  Robotics Bay  
  74  5:29  Probe x2  
  74  5:34  Sentry  
  78  5:41  Probe x2  
  80  5:44  Gateway  
  80  5:47  Twilight Council  
  80  5:48  Forge  
  81  5:51  Observer (Chrono Boost)  
  81  5:53  Probe x2  
  83  6:00  Gateway  
  83  6:02  Probe  
  84  6:05  Probe x2  
  86  6:11  Extended Thermal Lance (Chrono Boost)  
  86  6:12  Colossus (Chrono Boost)  
  86  6:14  Probe  
  86  6:15  Charge  
  86  6:18  Probe, Pylon  
  93  6:19  Probe  
  93  6:23  Gateway  
  95  6:28  Zealot  
  95  6:32  Shield Battery  
  97  6:34  Protoss Ground Weapons Level 1 (Chrono Boost)  
  97  6:42  Probe x2  
  97  6:43  Pylon  
  97  6:44  Phoenix  
  101  6:47  Gateway  
  101  6:53  Pylon  
  101  6:56  Photon Cannon  
  101  6:59  Colossus (Chrono Boost)  
  101  7:02  Gateway  
  101  7:05  Gateway  
  107  7:11  Zealot x3  
  107  7:12  Pylon  
  113  7:20  Nexus  
  113  7:24  Phoenix  
  114  7:37  Pylon  
  114  7:39  Zealot x5  
  124  7:48  Templar Archives  
  124  7:51  Pylon  
  124  7:54  Nexus  
  124  7:55  Colossus (Chrono Boost)  
  124  7:58  Pylon  
  130  8:00  Pylon  
  130  8:02  Phoenix  
  132  8:10  Zealot x3, Sentry  
  140  8:17  Zealot x4  
  148  8:23  Shield Battery  
  148  8:25  Pylon  
  147  8:33  Zealot, High Templar x2  
  147  8:34  Zealot  
  155  8:36  Warp Prism (Chrono Boost)  
  155  8:37  Archon  
  157  8:43  Probe  
  157  8:44  Pylon  
  157  8:46  Pylon  
  158  8:51  Zealot x3  
  164  8:59  Probe  
  166  9:02  Probe  
  166  9:03  Probe  
  166  9:05  Zealot x3  
  166  9:06  Zealot x2, Disruptor (Chrono Boost)  
  173  9:20  Probe  
  170  9:30  Zealot x4  
  170  9:31  Zealot x4  
Show
View Real Time Build Order
Export as new Build Order

Kelazhur Terran 

Build Orders: Cyclone Opening 

Get SALT Encoding   

  12  0:00  SCV  
  13  0:12  SCV  
  14  0:17  Supply Depot  
  14  0:24  SCV  
  15  0:38  SCV  
  15  0:39  Barracks  
  16  0:44  Refinery  
  16  0:50  SCV  
  16  0:52  Refinery  
  17  1:03  SCV  
  18  1:15  SCV  
  19  1:21  Supply Depot  
  19  1:26  Reaper  
  19  1:27  Orbital Command  
  20  1:42  Factory  
  20  1:53  SCV  
  21  1:58  Barracks Reactor  
  21  2:05  SCV  
  22  2:16  Command Center  
  22  2:20  SCV  
  23  2:27  Cyclone  
  25  2:32  SCV  
  26  2:38  Supply Depot  
  26  2:41  Marine  
  26  2:42  Marine  
  29  2:44  SCV  
  29  2:51  Starport  
  29  2:57  SCV  
  30  3:01  Cyclone  
  32  3:06  Marine  
  32  3:08  Marine  
  32  3:11  SCV  
  35  3:24  SCV, Marine  
  35  3:26  Marine  
  38  3:28  Medivac  
  38  3:31  Orbital Command  
  40  3:37  Cyclone  
  40  3:38  SCV  
  43  3:42  Marine  
  43  3:43  Marine  
  45  3:50  SCV  
  45  3:51  Barracks  
  46  3:57  Supply Depot, SCV  
  47  4:08  Starport Tech Lab, Marine x2  
  49  4:14  SCV  
  50  4:19  Cyclone  
  50  4:22  SCV  
  49  4:26  SCV, Marine x2  
  50  4:35  SCV  
  50  4:38  SCV  
  52  4:44  Marine x2  
  53  4:46  Stimpack  
  53  4:47  SCV, Command Center  
  53  4:50  SCV  
  53  4:52  Marine  
  56  4:58  Engineering Bay  
  56  4:59  SCV  
  57  5:02  Starport Reactor, Factory Reactor  
  57  5:04  Marine x2  
  57  5:06  Medivac  
  61  5:08  SCV  
  62  5:16  SCV  
  62  5:17  Supply Depot, Marauder  
  62  5:19  Refinery  
  62  5:20  SCV  
  66  5:22  Barracks  
  66  5:24  Marine  
  66  5:25  Marine  
  68  5:29  SCV, Terran Infantry Weapons Level 1  
  68  5:32  SCV  
  68  5:34  Supply Depot  
  70  5:39  Marauder  
  72  5:43  SCV  
  72  5:44  Marine x2  
  72  5:48  Factory Reactor  
  75  5:51  Refinery  
  75  5:55  Medivac x2  
  79  5:58  SCV x2, Missile Turret  
  79  6:01  Orbital Command  
  81  6:08  Marauder  
  81  6:10  SCV  
  84  6:15  Barracks Tech Lab, Marine x2  
  84  6:16  SCV  
  87  6:22  SCV  
  88  6:27  Barracks  
  88  6:29  Barracks, Medivac x2  
  88  6:31  Orbital Command  
  92  6:38  SCV x2  
  89  6:41  Marine  
  89  6:42  Marine, Marauder x2  
  89  6:43  Combat Shield  
  89  6:44  Concussive Shells  
  95  6:52  SCV  
  95  6:54  Supply Depot  
  96  6:56  Widow Mine  
  96  6:57  Widow Mine  
  96  6:58  SCV  
  101  7:02  Supply Depot  
  101  7:15  SCV x2, Marine x2  
  109  7:16  Marauder x2  
  109  7:18  Barracks Reactor  
  109  7:19  Barracks Tech Lab  
  109  7:23  Viking x2  
  109  7:24  Supply Depot, SCV  
  109  7:25  Supply Depot, Terran Infantry Armor Level 1  
  109  7:27  SCV  
  115  7:33  Widow Mine  
  117  7:46  SCV x3, Marine x2, Ghost Academy, Marauder x2, Widow Mine  
  117  7:47  Marauder  
  117  7:50  Supply Depot  
  130  7:53  Armory  
  130  7:57  Viking  
  133  7:58  SCV  
  133  8:04  Supply Depot  
  133  8:08  Supply Depot  
  133  8:12  SCV x2, Marine x2, Marauder, Viking  
  141  8:20  Refinery  
  141  8:25  Marine x2  
  141  8:26  Marauder x2  
  147  8:27  Viking  
  147  8:31  Marine x2  
  147  8:33  Ghost  
  153  8:35  Supply Depot  
  153  8:42  Supply Depot  
  153  8:43  Viking  
  153  8:44  Supply Depot  
  153  8:46  Ghost  
  146  8:57  Viking  
  146  8:59  Marine x2  
  146  9:00  Marine, Ghost  
  153  9:03  SCV  
  153  9:04  SCV x2  
  153  9:05  Refinery  
  153  9:06  Supply Depot  
  153  9:07  Ghost  
  153  9:08  Marine  
  153  9:09  Supply Depot  
  159  9:13  Viking  
  143  9:20  Widow Mine x2  
  143  9:22  Marine x3, Marauder  
  151  9:26  Marine  
  151  9:29  Marauder  
Tags
 
Add a new tag
Caveats
  • Supply blocks, unpowered buildings, or Contaminate may cause inaccurate times.
  • Supply counts are checked every 10 seconds.